 Dungeon Crawl Stone Soup version 0.22.1-1-ga44c0e5 (webtiles) character file.

1649901 ketsa the Invulnerable (level 27, 188/188 HPs)
             Began as a Minotaur Berserker on Oct 27, 2018.
             Was a High Priest of Trog.
             Escaped with the Orb
             ... and 3 runes on Nov 11, 2018!
             The game lasted 06:27:09 (81763 turns).

ketsa the Invulnerable (Minotaur Berserker)        Turns: 81763, Time: 06:27:10

Health: 188/188    AC: 44    Str: 39    XL:     27
Magic:  31/31      EV: 33    Int:  5    God:    Trog [*****.]
Gold:   6131       SH:  4    Dex: 25    Spells: 26/26 levels left

rFire    + + .     SeeInvis .   Z - +11 great sword of Inference {vamp, Dex+6}
rCold    + + +     Gourm    .   (shield currently unavailable)
rNeg     . . .     Faith    .   O - +6 gold dragon scales
rPois    +         Spirit   +   z - +2 hat "Mismoiru" {*Contam rElec rPois MR+}
rElec    +         Reflect  +   h - scarf {Spirit}
rCorr    +         Harm     .   V - +1 pair of gloves {Str+3}
MR       +++++                  F - +2 pair of boots
Stlth    ..........             G - +4 amulet of reflection
HPRegen  1.41/turn              a - ring "Eschaf" {AC+2 Str+3 Slay+6}
MPRegen  0.22/turn              C - ring "Voigee Xoek" {rPois rC+ MR+ Stlth+}

@: mighty, agile, resistant, flying, very slightly contaminated, regenerating,
hasted, invisible, very quick
A: retaliatory headbutt, horns 2, clumsy 1, deterioration 1, frail 3, no potion
heal 1
0: Orb of Zot
}: 3/15 runes: decaying, silver, gossamer
a: Berserk, Trog's Hand, Brothers in Arms, Renounce Religion


You escaped.
You worshipped Trog.
Trog was extremely pleased with you.
You were very full.

You visited 13 branches of the dungeon, and saw 55 of its levels.
You visited the Abyss 2 times.
You visited 1 bazaar.
You also visited: Sewer and Ice Cave.

You collected 8050 gold pieces.
You spent 1919 gold pieces at shops.

Inventory:

Hand Weapons
 b - the +1 hunting sling of Hohec {venom, Str+2}
   (Trog gifted it to you on level 3 of the Crypt)

   It poisons the ammo it fires.
   It affects your strength (+2).
 D - a +9 antimagic triple sword
 K - the +1 hunting sling "Tyhion" {flame, rPois Str+2 Dex+2}
   (Trog gifted it to you on level 13 of the Dungeon)

   It causes projectiles fired from it to burn those they strike, causing extra
   injury to most foes and up to half again as much damage against particularly
   susceptible opponents.
   It affects your strength (+2).
   It affects your dexterity (+2).
   It protects you from poison.
 P - the +3 dagger of Eternal Night {pierce, SInv}
   (You found it on level 2 of the Spider Nest)

   It inflicts extra damage upon your enemies.
   It lets you see invisible.
 Z - the +11 great sword of Inference (weapon) {vamp, Dex+6}
   (Trog gifted it to you on level 5 of the Vaults)

   It inflicts no extra harm, but heals its wielder when it wounds a living foe.
   It affects your dexterity (+6).
Missiles
 w - 932 sling bullets
Armour
 h - a scarf of spirit shield (worn)
 z - the +2 hat "Mismoiru" (worn) {*Contam rElec rPois MR+}
   (You found it on level 1 of the Vaults)

   It insulates you from electricity.
   It protects you from poison.
   It affects your resistance to hostile enchantments.
   It causes magical contamination when unequipped.
 F - a +2 pair of boots (worn)
 N - the +0 pair of gloves "Ovihootz" {Int+3 Dex+4}
   (You found it on level 2 of the Abyss)

   It affects your intelligence (+3).
   It affects your dexterity (+4).
 O - +6 gold dragon scales (worn)
 V - a +1 pair of gloves of strength (worn)
Jewellery
 a - the ring "Eschaf" (left hand) {AC+2 Str+3 Slay+6}
   (You bought it in a shop on level 2 of the Orcish Mines)

   [ring of protection]

   It affects your AC (+2).
   It affects your strength (+3).
   It affects your accuracy and damage with ranged weapons and melee attacks
   (+6).
 e - a cursed ring of teleportation
 u - the ring of False Pretenses {Fire Str+7}
   (You found it on level 3 of the Depths)

   [ring of fire]

   It enhances your fire magic.
   It affects your strength (+7).
   It protects you from fire.
   It makes you vulnerable to cold.
 C - the ring "Voigee Xoek" (right hand) {rPois rC+ MR+ Stlth+}
   (You bought it in a shop on level 1 of the Orcish Mines)

   [ring of stealth]

   It protects you from cold.
   It protects you from poison.
   It affects your resistance to hostile enchantments.
   It makes you more stealthy.
 G - a +4 amulet of reflection (around neck)
 H - an uncursed ring of resist corrosion
 M - an uncursed ring of positive energy
 Q - the ring "Ycibbeu" {Fire *Contam +Blink rElec MP+9}
   (You took it off a deep elf annihilator on level 3 of the Elven Halls)

   [ring of fire]

   It enhances your fire magic.
   It protects you from fire.
   It makes you vulnerable to cold.
   It insulates you from electricity.
   It affects your magic capacity (+9).
   It lets you blink.
   It causes magical contamination when unequipped.
 R - an uncursed ring of flight
Wands
 d - a wand of acid (34)
 f - a wand of enslavement (25)
 o - a wand of paralysis (82)
 E - a wand of random effects (37)
 U - a wand of digging (16)
Scrolls
 g - 9 scrolls of blinking
 m - 3 scrolls of identify
 q - 11 scrolls of fog
 x - 23 scrolls of remove curse
 J - 12 scrolls of teleportation
 S - 5 scrolls of magic mapping
 T - 3 scrolls of holy word
 W - a scroll of silence
 X - 5 scrolls of fear
Potions
 i - 12 potions of heal wounds
 j - 17 potions of curing
 r - 6 potions of haste
 s - 6 potions of agility
 t - a potion of resistance
 v - 6 potions of flight
 B - 3 potions of invisibility
 I - 10 potions of might
 L - a potion of cancellation
Miscellaneous
 k - a lamp of fire
 l - a lightning rod (4/4)
 p - a phial of floods
 A - a fan of gales
Comestibles
 c - 72 rations


   Skills:
 - Level 26.0 Fighting
 + Level 24.5 Long Blades
 - Level 22.0 Slings
 O Level 27 Armour
 + Level 22.2 Dodging
 + Level 8.7 Stealth
 - Level 12.9 Evocations


You had 26 spell levels left.
You didn't know any spells.
Your spell library contained the following spells:

 Spells                   Type           Power        Failure   Level  Hunger
 Animate Skeleton         Necr           N/A          89%         1    ##.....
 Apportation              Tloc           #.....       89%         1    ##.....
 Beastly Appendage        Tmut           #.....       89%         1    ##.....
 Confusing Touch          Hex            #.....       89%         1    ##.....
 Corona                   Hex            #......      89%         1    ##.....
 Flame Tongue             Conj/Fire      #....        89%         1    ##.....
 Freeze                   Ice            #...         89%         1    ##.....
 Infusion                 Chrm           #...         89%         1    ##.....
 Magic Dart               Conj           #...         89%         1    ##.....
 Pain                     Necr           #...         89%         1    ##.....
 Sandblast                Erth           #.....       89%         1    ##.....
 Sting                    Conj/Pois      #...         89%         1    ##.....
 Summon Small Mammal      Summ           #...         89%         1    ##.....
 Blink                    Tloc           N/A          96%         2    ###....
 Call Imp                 Summ           #.......     96%         2    ###....
 Corpse Rot               Necr           N/A          96%         2    ###....
 Ensorcelled Hibernation  Hex/Ice        #.....       96%         2    ###....
 Passwall                 Tmut/Erth      #.......     96%         2    ###....
 Poisonous Vapours        Pois/Air       #.....       96%         2    ###....
 Shroud of Golubria       Chrm/Tloc      #.........   96%         2    ###....
 Slow                     Hex            #.......     96%         2    ###....
 Song of Slaying          Chrm           #.......     96%         2    ###....
 Sticks to Snakes         Tmut           #.......     96%         2    ###....
 Sublimation of Blood     Necr           #.........   96%         2    ###....
 Throw Flame              Conj/Fire      #.....       96%         2    ###....
 Throw Frost              Conj/Ice       #.....       96%         2    ###....
 Call Canine Familiar     Summ           #.......     99%         3    ####...
 Confuse                  Hex            #.......     99%         3    ####...
 Conjure Flame            Conj/Fire      #.......     99%         3    ####...
 Dazzling Spray           Conj/Hex       #.....       99%         3    ####...
 Gell's Gravitas          Tloc           #.........   99%         3    ####...
 Ignite Poison            Fire/Tmut/Pois #.......     99%         3    ####...
 Inner Flame              Hex/Fire       #.......     99%         3    ####...
 Mephitic Cloud           Conj/Pois/Air  #.......     99%         3    ####...
 Ozocubu's Armour         Chrm/Ice       #.......     99%         3    ####...
 Portal Projectile        Hex/Tloc       #.....       99%         3    ####...
 Recall                   Summ/Tloc      N/A          99%         3    ####...
 Regeneration             Chrm/Necr      #.........   99%         3    ####...
 Spectral Weapon          Hex/Chrm       #.......     99%         3    ####...
 Spider Form              Tmut/Pois      #.........   99%         3    ####...
 Stone Arrow              Conj/Erth      #.....       99%         3    ####...
 Summon Guardian Golem    Hex/Summ       #.......     99%         3    ####...
 Tukima's Dance           Hex            #.......     99%         3    ####...
 Vampiric Draining        Necr           #.........   99%         3    ####...
 Animate Dead             Necr           N/A          100%        4    #####..
 Cause Fear               Hex            #.........   100%        4    #####..
 Force Lance              Conj/Tloc      #.......     100%        4    #####..
 Fulminant Prism          Conj/Hex       #.........   100%        4    #####..
 Ice Form                 Ice/Tmut       #.......     100%        4    #####..
 Leda's Liquefaction      Hex/Erth       #.........   100%        4    #####..
 Olgreb's Toxic Radiance  Pois           #.......     100%        4    #####..
 Petrify                  Tmut/Erth      #.......     100%        4    #####..
 Sticky Flame             Conj/Fire      #.......     100%        4    #####..
 Summon Ice Beast         Ice/Summ       #.......     100%        4    #####..
 Summon Lightning Spire   Summ/Air       #.......     100%        4    #####..
 Throw Icicle             Conj/Ice       #.......     100%        4    #####..
 Agony                    Necr           #.......     100%        5    ######.
 Alistair's Intoxication  Tmut/Pois      #.......     100%        5    ######.
 Aura of Abjuration       Summ           #.........   100%        5    ######.
 Blade Hands              Tmut           #.........   100%        5    ######.
 Bolt of Draining         Conj/Necr      #.........   100%        5    ######.
 Bolt of Magma            Conj/Fire/Erth #.........   100%        5    ######.
 Borgnjor's Vile Clutch   Necr/Erth      #.........   100%        5    ######.
 Dispel Undead            Necr           #.......     100%        5    ######.
 Excruciating Wounds      Chrm/Necr      #.........   100%        5    ######.
 Fireball                 Conj/Fire      #.........   100%        5    ######.
 Irradiate                Conj/Tmut      #.........   100%        5    ######.
 Iskenderun's Battlesphe  Conj/Chrm      #.......     100%        5    ######.
 Lee's Rapid Deconstruct  Erth           #.........   100%        5    ######.
 Metabolic Englaciation   Hex/Ice        #.........   100%        5    ######.
 Silence                  Hex/Air        #.........   100%        5    ######.
 Summon Demon             Summ           #.........   100%        5    ######.
 Summon Forest            Summ/Tloc      #.........   100%        5    ######.
 Summon Mana Viper        Hex/Summ       #.......     100%        5    ######.
 Venom Bolt               Conj/Pois      #.........   100%        5    ######.
 Yara's Violent Unravell  Hex/Tmut       #.........   100%        5    ######.
 Bolt of Cold             Conj/Ice       #.........   100%        6    #######
 Bolt of Fire             Conj/Fire      #.........   100%        6    #######
 Conjure Ball Lightning   Conj/Air       #.........   100%        6    #######
 Darkness                 Hex            #.........   100%        6    #######
 Death Channel            Necr           #.........   100%        6    #######
 Deflect Missiles         Chrm/Air       #.........   100%        6    #######
 Dispersal                Tloc           #.........   100%        6    #######
 Freezing Cloud           Conj/Ice/Air   #.........   100%        6    #######
 Hydra Form               Tmut           #.........   100%        6    #######
 Iron Shot                Conj/Erth      #.........   100%        6    #######
 Ozocubu's Refrigeration  Ice            #.........   100%        6    #######
 Poison Arrow             Conj/Pois      #.........   100%        6    #######
 Shadow Creatures         Summ           N/A          100%        6    #######
 Simulacrum               Ice/Necr       #.........   100%        6    #######
 Statue Form              Tmut/Erth      #........    100%        6    #######
 Dragon Form              Tmut           #.........   100%        7    #######
 Orb of Destruction       Conj           #.........   100%        7    #######
 Ring of Flames           Chrm/Fire      #.........   100%        7    #######
 Spellforged Servitor     Conj/Summ      #.........   100%        7    #######
 Chain Lightning          Conj/Air       #.........   100%        8    #######
 Controlled Blink         Tloc           N/A          100%        8    #######
 Discord                  Hex            #.........   100%        8    #######
 Disjunction              Tloc           #.........   100%        8    #######
 Ignition                 Fire           #.........   100%        8    #######
 Lehudib's Crystal Spear  Conj/Erth      #.........   100%        8    #######
 Fire Storm               Conj/Fire      #.........   100%        9    #######
 Glaciate                 Conj/Ice       #.........   100%        9    #######
 Shatter                  Erth           #.........   100%        9    #######
 Tornado                  Air            #.........   100%        9    #######


Dungeon Overview and Level Annotations

Branches:
Dungeon (15/15)            Temple (1/1) D:7            Lair (6/6) D:9
  Swamp (4/4) Lair:3       Spider (4/4) Lair:4        Slime (1/5) Lair:5
    Orc (2/2) D:9             Elf (3/3) Orc:2        Vaults (5/5) D:13
  Crypt (3/3) Vaults:2       Tomb (1/3) Crypt:3      Depths (5/5) D:15
    Zot (5/5) Depths:5

Altars:
Ashenzari
Cheibriados
Dithmenos
Elyvilon
Fedhas
Gozag
Hepliaklqana
Kikubaaqudgha
Makhleb
Nemelex Xobeh
Okawaru
Qazlal
Ru
Sif Muna
Trog
Uskayaw
Vehumet
Wu Jian
Xom
Yredelemnul
Zin
The Shining One

Shops:
D:7 [   D:12 *   D:14 %   D:15 *   Orc:1 =   Orc:2 *%(=   Vaults:3 }
Vaults:4 [   Depths:1 %   Depths:3 :

Portals:
Hell: Depths:1 Depths:2 Depths:3 Depths:4 Depths:5
Abyss: Depths:3 Depths:4 Depths:5
Pandemonium: Depths:1 Depths:3 Depths:4
Ziggurat: Depths:5
Trove: D:13 (give 7 scrolls of blinking)

Annotations:
Elf:2 3 runed doors
Depths:1 2 runed doors


Innate Abilities, Weirdness & Mutations

You reflexively headbutt those who attack you in melee.
You have a pair of horns on your head.
You are clumsy. (Dex -2)
Your body sometimes deteriorates upon taking damage.
You are extremely frail. (-30% HP)
Potions are less effective at restoring your health.


Message History

Okay, then.
There is a staircase leading out of the dungeon here.
You are confused.
Your system partially rejects the healing.
You feel invigorated.
You feel less invigorated.
You feel less confused.
As you read the scroll of identify, it crumbles to dust.
y - an uncursed ring of magical power Drop what? 51/52 slots (_ for help) (? for menu, Esc to quit)
You drop an uncursed ring of magical power.
As you read the scroll of summoning, it crumbles to dust.
Wisps of shadow whirl around you...
Okay, then.
As you read the scroll of summoning, it crumbles to dust.
Wisps of shadow whirl around you...
As you read the scroll of summoning, it crumbles to dust.
Wisps of shadow whirl around you...
Okay, then.
You have escaped!

...#....#################.....#
####...## ###.......#####.....#
#..## ##...........##.##...###
####..#
##....##'##.....###......
...#..# #...####.####...#
#....##
##.#.####..##.......#...####...#
#.#.# #...#..#####..#...# #...#
#...# #..##.##lgK#..##..# #...#
#...# #..##.##b@gr#.##..# #...#
#.#.# #..##.##lwb##.##..# #.#.##
#.#.# #...#..##g##..#...# #.#..#
#.#.####..##.......##..####.#..#
#.#..# #...#########...# #..#...
#.#..# ##....#####....## #......
#.#..## ##...........## ##......
#.#...## ###.......### ##...##.#
#.#....########.########....#...


You could see a friendly dart slug, 3 friendly goblins, 2 friendly bats, a
friendly kobold, 2 friendly frilled lizards and a friendly rat.

Vanquished Creatures
  Khufu (Crypt:1)
  4 orbs of fire
  Mennas (Vaults:2)
  2 juggernauts
  4 ancient liches
  2 greater mummies (Crypt:1)
  Sojobo (Crypt:1)
  Margery (Vaults:5)
  4 caustic shrikes
  A curse toe (Zot:3)
  5 Killer Klowns
  16 golden dragons
  Arachne (Spider:2)
  Nikola (Spider:2)
  3 bone dragons
  2 hellephants
  3 electric golems
  15 tentacled monstrosities
  2 iron giants
  16 liches
  28 Orb Guardians
  A deep elf master archer (Elf:3)
  7 quicksilver dragons
  8 acid blobs (Zot:2)
  7 titans
  A tentacled starspawn (Abyss:2)
  8 death cobs
  2 deep elf blademasters (Elf:3)
  7 sphinxes
  2 Executioners
  An ancient champion (Crypt:2)
  7 tengu reavers
  20 storm dragons
  Donald (Crypt:2)
  Roxanne (Swamp:1)
  4 thorn hunters
  10 shadow dragons
  A revenant (Crypt:2)
  8 fire giants
  3 draconian monks
  8 ghost moths
  An orc warlord (Orc:1)
  2 draconian knights
  7 draconian scorchers
  An iron dragon (Depths:2)
  16 deep elf sorcerers
  14 vault wardens
  A cacodemon (Zot:5)
  7 frost giants
  2 curse skulls
  A draconian shifter (Zot:2)
  3 ghouls
  3 emperor scorpions (Spider:4)
  A spriggan defender (Depths:2)
  21 ironheart preservers
  5 draconian stormcallers
  5 deep elf elementalists
  10 very ugly things
  14 stone giants
  7 war gargoyles
  7 draconian annihilators
  3 entropy weavers (Spider:1)
  7 vampire knights
  11 black draconians
  7 deep elf demonologists
  2 white draconians
  17 yellow draconians
  10 green draconians
  A minotaur (Depths:4)
  10 purple draconians
  10 deep elf annihilators
  5 eidola
  12 spark wasps
  5 red draconians
  3 crystal guardians (Crypt:3)
  A spark wasp (shapeshifter) (Vaults:5)
  10 ettins
  Josephine (D:11)
  14 ogre magi
  9 jiangshi
  7 fire dragons
  14 deep elf death magi
  A blizzard demon (Depths:1)
  9 great orbs of eyes
  7 rakshasas
  6 ice dragons
  8 deep elf high priests
  31 vault guards
  A hell beast (Depths:3)
  A merfolk avatar (Lair:6)
  21 yaktaur captains
  A quicksilver dragon skeleton (Crypt:2)
  A ghost crab (Swamp:4)
  6 spriggan air magi
  26 hydras
  5 death knights
  2 catoblepae (D:13)
  10 alligators
  An anaconda (Crypt:3)
  11 centaur warriors
  An alligator (shapeshifter) (Elf:1)
  A death scarab (Tomb:1)
  An anaconda (shapeshifter) (Vaults:5)
  2 queen ants
  7 deep troll earth magi
  14 dancing weapons
  5 orc high priests
  5 tengu warriors
  7 death yaks
  2 deep troll shamans
  4 vampire magi
  7 spriggan berserkers
  3 thrashing horrors (Abyss:2)
  44 two-headed ogres
  A titan zombie (Crypt:3)
  Sonja (D:10)
  Urug (Lair:3)
  11 deep elf knights
  A titan skeleton (Vaults:5)
  18 hell knights
  13 small abominations
  A salamander mystic (Depths:4)
  29 skeletal warriors
  An iron troll (Depths:5)
  2 wretched stars
  The ghost of SaintRoka the Grappler, a novice VSFi of Cheibriados (D:11)
  3 unseen horrors
  29 deep trolls
  A golden dragon zombie (Crypt:3)
  An infernal demonspawn (Depths:1)
  A sea snake (Lair:6)
  A sea snake (shapeshifter) (D:15)
  8 swamp dragons
  3 sixfirhies
  4 shadow wraiths
  7 wizards
  An anaconda zombie (Crypt:3)
  A golden dragon skeleton (Crypt:3)
  A spark wasp zombie (Crypt:1)
  20 ironbrand convokers
  2 flayed ghosts
  24 deep elf archers
  An anaconda skeleton (Crypt:3)
  A harpy (Depths:5)
  2 spriggan druids (Swamp:3)
  A shambling mangrove (Swamp:4)
  2 glowing orange brains
  3 shadow dragon zombies
  17 necromancers
  A lindwurm (Vaults:4)
  8 phantasmal warriors
  8 orc sorcerers
  19 orc knights
  15 orb spiders
  43 ugly things
  3 wolf spider zombies
  2 manticores (Lair:6)
  32 wolf spiders
  A wolf spider (shapeshifter) (Vaults:5)
  A frost giant zombie (Vaults:4)
  22 moths of wrath
  50 deep elf magi
  3 shadow dragon skeletons
  A shining eye (Vaults:5)
  7 oklob plants
  A shining eye (shapeshifter) (Vaults:4)
  4 cyclopes
  2 iron dragon skeletons
  3 salamanders (Depths:4)
  5 black mambas
  4 stone giant skeletons
  3 centaur zombies
  A black mamba (shapeshifter) (Depths:2)
  3 elephants (Lair:6)
  15 vault sentinels
  A rust devil (Depths:1)
  2 guardian serpents (shapeshifter)
  4 smoke demons
  A fire giant skeleton (Vaults:4)
  3 ice statues (IceCv)
  A torpor snail (Spider:3)
  2 naga magi (Vaults:1)
  A gargoyle (D:15)
  A dire elephant skeleton (Crypt:3)
  15 spiny frogs
  A spriggan zombie (Depths:2)
  2 hellions
  A torpor snail (shapeshifter) (D:14)
  5 rime drakes (Lair:6)
  An efreet (Abyss:2)
  A kobold demonologist (D:13)
  10 komodo dragons
  3 orange demons
  60 yaktaurs
  An ancient zyme (Abyss:2)
  2 guardian mummies (Tomb:1)
  13 demonic crawlers
  9 freezing wraiths
  A green draconian skeleton (Crypt:2)
  37 jumping spiders
  3 hellwings
  15 trolls
  A tengu conjurer (Depths:2)
  A queen bee (shapeshifter) (D:15)
  2 spriggan skeletons (Depths:2)
  A meliai (shapeshifter) (D:15)
  6 polar bears
  A jumping spider (shapeshifter) (Depths:3)
  A wind drake (Lair:6)
  15 tyrant leeches
  21 hornets
  Grinder (D:3)
  A tengu simulacrum (Vaults:4)
  5 raiju
  8 bog bodies
  12 blink frogs
  A wind drake (shapeshifter) (Depths:4)
  An ettin zombie (Crypt:3)
  41 slime creatures
  The ghost of Ymberto the Changer, an amateur OpTm (D:3)
  19 hippogriffs
  5 dream sheep (Lair:6)
  30 flying skulls
  9 starcursed masses
  An ice dragon skeleton (Crypt:3)
  2 air elementals
  A satyr skeleton (Crypt:1)
  4 shadows
  53 redbacks
  6 spriggans
  21 tarantellas
  A wyvern (shapeshifter) (Vaults:3)
  5 fire elementals
  3 hogs (D:10)
  3 vampires
  4 golden eyes (shapeshifter)
  An ushabti (Tomb:1)
  3 water elementals
  35 yaks
  A human (shapeshifter) (Depths:1)
  A basilisk (D:14)
  12 wraiths
  3 ynoxinuls
  2 tarantellas (shapeshifter)
  A human (D:10)
  10 large abominations
  6 wyverns
  A neqoxec (Abyss:2)
  23 vampire mosquitoes
  A human simulacrum (Vaults:3)
  2 hungry ghosts
  3 chaos spawn
  14 wargs
  The ghost of Ymberto the Changer, an amateur OpTm (D:3)
  A water nymph zombie (Crypt:2)
  20 insubstantial wisps
  A torturous demonspawn zombie (Crypt:1)
  2 floating eyes (shapeshifter)
  19 swamp worms
  16 water moccasins
  A floating eye (Depths:2)
  46 orc warriors
  4 porcupines
  21 ice beasts
  6 sky beasts
  4 black bears
  2 hornet zombies
  9 swamp drakes
  2 eyes of draining (D:11)
  2 necrophages
  43 ogres
  9 wolves
  2 eyes of draining (shapeshifter)
  3 phantoms
  A manticore skeleton (Crypt:2)
  26 boggarts
  An elf skeleton (Vaults:4)
  11 crocodiles
  20 centaurs
  A hippogriff zombie (Crypt:1)
  6 big kobolds
  5 elf zombies (Elf:1)
  Blork the orc (D:5)
  A human zombie (Vaults:4)
  18 bullfrogs
  A cyclops zombie (Crypt:1)
  7 scorpions
  A water moccasin zombie (D:5)
  A wyvern skeleton (D:14)
  An elf simulacrum (Vaults:2)
  4 wights (D:15)
  3 howler monkeys
  4 electric eels
  A bullfrog zombie (D:5)
  7 crimson imps
  7 quasits
  2 iron imps
  7 hounds
  40 orc priests
  29 jellies
  4 centaur skeletons
  2 gnoll shamans
  39 orc wizards
  A bullfrog skeleton (D:9)
  An iguana (D:3)
  8 worker ants
  A killer bee zombie (D:6)
  A crocodile zombie (Crypt:2)
  A big kobold skeleton (Crypt:2)
  A crocodile skeleton (Crypt:1)
  A dwarf skeleton (Crypt:2)
  5 mummies
  2 hound skeletons
  2 hound zombies
  4 worker ant zombies
  17 gnolls
  4 adders
  A river rat (Sewer)
  8 shadow imps
  A white imp (Abyss:2)
  3 ufetubi
  12 oozes
  An adder skeleton (D:4)
  3 worms
  3 dart slugs
  9 leopard geckos
  90 orcs
  8 bats
  2 giant cockroaches
  4 goblins
  8 hobgoblins
  22 jackals
  8 quokkas
  A ball python (D:4)
  A dart slug zombie (Crypt:1)
  4 frilled lizards
  A goblin skeleton (Crypt:2)
  A hobgoblin skeleton (Crypt:1)
  12 kobolds
  A kobold zombie (Crypt:2)
  4 leopard gecko skeletons
  An orc skeleton (Crypt:1)
  2 quokka skeletons (D:4)
  12 rats
  A briar patch (Swamp:3)
  6 crawling corpses
  2 fungi (Lair:4)
  A plant (Depths:5)
2578 creatures vanquished.

Vanquished Creatures (collateral kills)
  An orb of fire (Zot:5)
  A juggernaut (Depths:3)
  Jory (Crypt:1)
  A Hell Sentinel (D:14)
  A storm dragon (Zot:5)
  A stone giant (Vaults:3)
  A deep elf demonologist (Vaults:3)
  A vampire knight (Crypt:1)
  A green death (D:14)
  A deep elf knight (Vaults:3)
  An ironbrand convoker (Vaults:3)
  A phantasmal warrior (Crypt:1)
  An ogre (Vaults:3)
  A wolf skeleton (Crypt:1)
14 creatures vanquished.

Vanquished Creatures (others)
  2 alligators
  An unseen horror (D:15)
  A wizard (Vaults:3)
  A moth of wrath (Zot:5)
  A smoke demon (Zot:5)
  A hellwing (D:3)
  A swamp worm (Swamp:1)
  2 briar patches (Swamp:2)
  A bush (Lair:6)
  30 fungi
  2 lurking horrors
  27 plants
  A withered plant (D:3)
71 creatures vanquished.

Grand Total: 2663 creatures vanquished

Notes
Turn   | Place    | Note
-------+----------+-------------------------------------------
     0 | D:1      | ketsa the Minotaur Berserker began the quest for the Orb.
     0 | D:1      | Reached XP level 1. HP: 19/19 MP: 0/0
   178 | D:1      | Reached XP level 2. HP: 26/26 MP: 1/1
   970 | D:1      | Reached skill level 5 in Long Blades
  1023 | D:2      | Reached XP level 3. HP: 30/31 MP: 2/2
  1160 | D:2      | Reached ** piety under Trog
  1673 | D:2      | Reached XP level 4. HP: 39/39 MP: 3/3
  1681 | D:2      | Found a hide-covered altar of Uskayaw.
  1681 | D:2      | Found a radiant altar of Vehumet.
  1893 | D:3      | Noticed Grinder
  1899 | D:3      | Killed Grinder
  1899 | D:3      | Reached XP level 5. HP: 45/45 MP: 4/4
  1958 | D:3      | Reached XP level 6. HP: 44/51 MP: 5/5
  2431 | D:3      | Reached *** piety under Trog
  2632 | D:3      | Found a runed gate.
  2633 | D:3      | Found a runed gate.
  2634 | D:3      | Found a runed gate.
  2635 | D:3      | Noticed Ymberto's ghost (amateur OpTm)
  2636 | D:3      | Noticed Ymberto's ghost (amateur OpTm)
  3345 | D:4      | Reached XP level 7. HP: 57/57 MP: 6/6
  3350 | D:4      | Reached skill level 10 in Long Blades
  3374 | D:4      | Found a glowing drain.
  3384 | Sewer    | Entered a sewer
  3563 | Sewer    | Found a white marble altar of Elyvilon.
  3795 | D:4      | Found a sparkling altar of Nemelex Xobeh.
  3831 | D:4      | Reached skill level 3 in Armour
  3840 | D:4      | Reached **** piety under Trog
  4093 | D:5      | Entered Level 5 of the Dungeon
  4145 | D:5      | Noticed Blork the orc
  4154 | D:5      | Killed Blork the orc
  4165 | D:5      | Reached XP level 8. HP: 64/64 MP: 7/7
  4353 | D:5      | Reached skill level 4 in Armour
  5295 | D:6      | Reached skill level 5 in Armour
  5328 | D:6      | Reached skill level 5 in Dodging
  5399 | D:6      | Got a heavily runed plate armour
  5401 | D:6      | Identified the +2 plate armour "Qiuhit" {-Cast rElec MR+++
                  | MP+9} (You found it on level 6 of the Dungeon)
  5482 | D:5      | Reached XP level 9. HP: 53/70 MP: 8/8
  5747 | D:6      | Found a shimmering altar of Xom.
  6052 | D:6      | Reached skill level 6 in Armour
  6469 | D:7      | Found a shattered altar of Ashenzari.
  6504 | D:7      | Reached skill level 7 in Armour
  6613 | D:7      | Found a staircase to the Ecumenical Temple.
  6622 | Temple   | Entered the Ecumenical Temple
  6956 | D:7      | Reached ***** piety under Trog
  7029 | D:7      | Found Herupo's Armour Shoppe.
  7039 | D:7      | Bought a +0 pair of gloves of strength for 161 gold pieces
  7500 | D:8      | Reached skill level 8 in Armour
  8194 | D:9      | Reached skill level 9 in Armour
  8194 | D:9      | Reached XP level 10. HP: 64/77 MP: 9/9
  8277 | D:9      | Found a staircase to the Orcish Mines.
  8501 | D:9      | Found a staircase to the Lair.
  8601 | D:9      | Found an opulent altar of Gozag.
  8633 | D:9      | Found a bloodstained altar of Trog.
  8667 | D:9      | Received a gift from Trog
  8667 | D:9      | Reached skill level 10 in Armour
  8838 | D:9      | Found a snail-covered altar of Cheibriados.
  9118 | D:9      | Reached skill level 1 in Slings
  9232 | D:10     | Entered Level 10 of the Dungeon
  9423 | D:10     | Found a shadowy altar of Dithmenos.
  9536 | D:10     | Reached skill level 5 in Fighting
  9600 | D:10     | Killed an unseen horror
  9600 | D:10     | Reached skill level 11 in Armour
  9942 | D:10     | Got a warped chain mail
 10000 | D:10     | Noticed Sonja
 10027 | D:10     | Killed Sonja
 10027 | D:10     | Reached XP level 11. HP: 65/91 MP: 6/10
 10446 | D:10     | Reached skill level 5 in Slings
 10545 | D:11     | Noticed Josephine
 10726 | Lair:1   | Entered Level 1 of the Lair of Beasts
 10820 | Lair:1   | Reached skill level 12 in Armour
 11529 | Lair:1   | Identified the +7 chain mail of a volcano {Dex+2} (You
                  | found it on level 10 of the Dungeon)
 11946 | Lair:2   | Received a gift from Trog
 13113 | Lair:2   | Noticed an oklob plant
 13377 | Lair:3   | Noticed Urug
 13384 | Lair:3   | Killed Urug
 13384 | Lair:3   | Reached XP level 12. HP: 104/104 MP: 3/11
 13433 | Lair:3   | Noticed a six-headed hydra
 13494 | Orc:1    | Entered Level 1 of the Orcish Mines
 13494 | Orc:1    | Noticed a two-headed ogre
 13501 | Orc:1    | Killed a two-headed ogre
 13550 | Orc:1    | Reached skill level 13 in Armour
 13666 | Orc:1    | Noticed an orc high priest
 13671 | Orc:1    | Killed an orc high priest
 14033 | Orc:2    | Entered Level 2 of the Orcish Mines
 14047 | Orc:2    | Found a staircase to the Elven Halls.
 14213 | Orc:2    | Reached skill level 10 in Fighting
 14309 | Orc:2    | Received a gift from Trog
 14317 | Orc:2    | Reached skill level 1 in Evocations
 14459 | Orc:2    | Noticed an orc high priest
 14460 | Orc:2    | Noticed an orc warlord
 14599 | Orc:1    | Found Xoqous's Jewellery Emporium.
 14612 | Orc:1    | Bought the ring "Voigee Xoek" {rPois rC+ MR+ Stlth+} for
                  | 495 gold pieces
 14691 | Orc:1    | Received a gift from Trog
 14698 | Orc:2    | Gained mutation: You are frail. (-10% HP) [a neqoxec]
 14721 | Orc:1    | Killed an orc warlord
 15246 | Orc:2    | Killed an orc high priest
 15361 | Orc:2    | Reached skill level 14 in Armour
 15593 | Orc:2    | Noticed an orc high priest
 15613 | Orc:2    | Killed an orc high priest
 15633 | Orc:2    | Noticed an orc high priest
 15635 | Orc:2    | Noticed an orc high priest
 15638 | Orc:2    | Noticed an orc high priest
 15640 | Orc:2    | Found Jocwor's Jewellery Shoppe.
 15640 | Orc:2    | Found Zuxtet's Weapon Shoppe.
 16046 | Orc:2    | Received a gift from Trog
 16051 | Orc:2    | Found Efapp's Food Emporium.
 16051 | Orc:2    | Found Ziskauth's General Store.
 16075 | Orc:2    | Bought the ring "Eschaf" {AC+2 Str+3 Slay+6} for 533 gold
                  | pieces
 16333 | Orc:2    | Killed an orc high priest
 16333 | Orc:2    | Reached XP level 13. HP: 85/101 MP: 5/15
 16468 | Elf:1    | Entered Level 1 of the Elven Halls
 16814 | Lair:3   | Received a gift from Trog
 16817 | Lair:3   | Got a jewelled fustibalus {god gift}
 16819 | Lair:3   | Identified the +2 fustibalus of Greatest Utility {speed,
                  | rC- MR++ Int+2} (Trog gifted it to you on level 3 of the
                  | Lair of Beasts)
 16936 | Lair:3   | Reached skill level 5 in Evocations
 17017 | Lair:3   | Found a staircase to the Swamp.
 17026 | Lair:3   | Reached ****** piety under Trog
 17228 | Swamp:1  | Entered Level 1 of the Swamp
 17884 | Lair:4   | Reached skill level 10 in Dodging
 18528 | Lair:4   | Reached skill level 15 in Armour
 18782 | Lair:4   | Found a hole to the Spider Nest.
 18929 | Spider:1 | Entered Level 1 of the Spider Nest
 19072 | Lair:5   | Found a frozen archway.
 19095 | IceCv    | Entered an ice cave
 19102 | IceCv    | Received a gift from Trog
 19335 | IceCv    | Identified Navyt's Disquisition on the Voyage
 19742 | Lair:5   | Found a staircase to the Slime Pits.
 19763 | Slime:1  | Entered Level 1 of the Pits of Slime
 19763 | Slime:1  | Noticed an acid blob
 20146 | Lair:6   | Entered Level 6 of the Lair of Beasts
 20344 | Lair:6   | Reached XP level 14. HP: 82/109 MP: 18/18
 20417 | Lair:6   | Reached skill level 15 in Long Blades
 21337 | Lair:6   | Got a bloodstained chain mail
 21341 | Lair:6   | Identified the +3 chain mail of Ceoxod {rC+} (You found it
                  | on level 6 of the Lair of Beasts)
 21890 | D:11     | Killed Josephine
 21918 | D:11     | Received a gift from Trog
 22005 | D:11     | Found a runed door.
 22019 | D:11     | Noticed SaintRoka's ghost (novice VSFi)
 22228 | D:3      | Killed Ymberto's ghost
 22228 | D:3      | Reached skill level 10 in Slings
 22231 | D:3      | Killed Ymberto's ghost
 22876 | D:11     | Killed SaintRoka's ghost
 23383 | D:12     | Found Dihek's General Store.
 23386 | D:12     | Bought a potion of curing for 42 gold pieces
 23386 | D:12     | Bought a scroll of identify for 28 gold pieces
 23486 | D:12     | Found a stormy altar of Qazlal.
 23530 | D:12     | Reached skill level 16 in Armour
 23800 | D:13     | Received a gift from Trog
 23806 | D:13     | Got a polished hunting sling {god gift}
 23957 | D:13     | Reached XP level 15. HP: 48/118 MP: 19/19
 24579 | D:13     | Found a gate to the Vaults.
 24723 | D:13     | Found a portal to a secret trove of treasure.
 25512 | D:14     | Found Vuck's Food Boutique.
 25590 | D:14     | Reached skill level 17 in Armour
 25766 | D:14     | Received a gift from Trog
 26508 | D:15     | Entered Level 15 of the Dungeon
 26613 | D:15     | Identified the +1 hunting sling "Tyhion" {flame, rPois
                  | Str+2 Dex+2} (Trog gifted it to you on level 13 of the
                  | Dungeon)
 26629 | D:15     | Found Xuqyaku's General Store.
 26961 | D:15     | Received a gift from Trog
 27009 | D:15     | Reached skill level 18 in Armour
 27125 | D:15     | Found a staircase to the Depths.
 27133 | Depths:1 | Entered Level 1 of the Depths
 27382 | D:15     | Reached XP level 16. HP: 105/130 MP: 20/20
 28239 | Swamp:1  | Received a gift from Trog
 28613 | Swamp:1  | You fall through a shaft!
 28846 | Swamp:1  | Noticed Roxanne
 29123 | Swamp:1  | Reached skill level 1 in Stealth
 29132 | Swamp:1  | Reached skill level 19 in Armour
 30029 | Swamp:2  | Noticed a thorn hunter
 30049 | Swamp:2  | Killed a thorn hunter
 30068 | Swamp:2  | Received a gift from Trog
 30329 | Swamp:3  | Noticed a thorn hunter
 30341 | Swamp:3  | Killed a thorn hunter
 30682 | Swamp:3  | Received a gift from Trog
 31327 | Swamp:4  | Entered Level 4 of the Swamp
 31343 | Swamp:4  | Noticed a thorn hunter
 31361 | Swamp:4  | Killed a thorn hunter
 31678 | Swamp:4  | Noticed a thorn hunter
 31688 | Swamp:4  | Killed a thorn hunter
 31867 | Swamp:4  | Received a gift from Trog
 32343 | Swamp:4  | Noticed a tentacled monstrosity
 32347 | Swamp:4  | Killed a tentacled monstrosity
 32360 | Swamp:4  | Reached XP level 17. HP: 104/138 MP: 21/21
 32447 | Swamp:4  | Received a gift from Trog
 32574 | Swamp:4  | Reached skill level 5 in Stealth
 32919 | Swamp:4  | Got a decaying rune of Zot
 33210 | Swamp:1  | Killed Roxanne
 33210 | Swamp:1  | Reached skill level 15 in Fighting
 33570 | Spider:1 | Received a gift from Trog
 33709 | Spider:1 | Received a gift from Trog
 33777 | Spider:1 | Reached skill level 20 in Armour
 34523 | Spider:1 | Got a steaming shield
 34524 | Spider:1 | Identified the +3 shield "Ceejoif" {-Tele rPois rN+++
                  | Dex-4} (You found it on level 1 of the Spider Nest)
 34920 | Spider:1 | Received a gift from Trog
 35334 | Spider:2 | Received a gift from Trog
 35888 | Spider:2 | Noticed Nikola
 35905 | Spider:2 | Killed Nikola
 35949 | Spider:2 | Noticed Arachne
 35962 | Spider:2 | Killed Arachne
 35962 | Spider:2 | Received a gift from Trog
 36145 | Spider:2 | Identified the +3 dagger of Eternal Night {pierce, SInv}
                  | (You found it on level 2 of the Spider Nest)
 36207 | Spider:4 | Entered Level 4 of the Spider Nest
 36546 | Spider:3 | Identified a scroll of acquirement
 37505 | Spider:4 | Reached XP level 18. HP: 82/152 MP: 22/22
 37970 | Spider:4 | Received a gift from Trog
 38081 | Spider:4 | Paralysed by a hornet for 2 turns
 38613 | Spider:4 | Got a gossamer rune of Zot
 39265 | Vaults:1 | Entered Level 1 of the Vaults
 39909 | Vaults:1 | Noticed a lich
 39915 | Vaults:1 | Killed a lich
 39921 | Vaults:1 | Received a gift from Trog
 40432 | Vaults:1 | Received a gift from Trog
 40900 | Vaults:1 | Found a radiant altar of Vehumet.
 40901 | Vaults:1 | Found the +5 robe of Night {Dark MR+ SInv}
 40919 | Vaults:1 | Got a transparent hat
 40929 | Vaults:1 | Identified the +2 hat "Mismoiru" {*Contam rElec rPois MR+}
                  | (You found it on level 1 of the Vaults)
 41996 | Vaults:2 | Received a gift from Trog
 42278 | Vaults:2 | Reached XP level 19. HP: 135/164 MP: 23/23
 42304 | Vaults:2 | Reached XP level 20. HP: 142/171 MP: 24/24
 42329 | Vaults:2 | Received a gift from Trog
 42358 | Vaults:2 | Found a flickering gateway to a bazaar.
 42367 | Bazaar   | Entered a bazaar
 42553 | Bazaar   | Found Vuth's Antique Weapon Boutique.
 42557 | Bazaar   | Found Zacsont's Antique Armour Boutique.
 42557 | Bazaar   | Found Yfauc's Magic Scroll Boutique.
 42557 | Bazaar   | Found Weikaost's Food Boutique.
 42571 | Bazaar   | Bought a scroll of teleportation for 24 gold pieces
 42571 | Bazaar   | Bought a scroll of fear for 28 gold pieces
 42571 | Bazaar   | Bought a scroll of identify for 16 gold pieces
 42571 | Bazaar   | Bought a scroll of identify for 16 gold pieces
 42571 | Bazaar   | Bought a scroll of teleportation for 24 gold pieces
 42571 | Bazaar   | Bought a scroll of teleportation for 24 gold pieces
 42571 | Bazaar   | Bought a scroll of identify for 16 gold pieces
 42571 | Bazaar   | Bought a scroll of identify for 16 gold pieces
 42599 | Bazaar   | Bought a scroll of summoning for 76 gold pieces
 42599 | Bazaar   | Bought a scroll of enchant weapon for 60 gold pieces
 42982 | Vaults:2 | Noticed Mennas
 43006 | Vaults:2 | Killed Mennas
 43351 | Vaults:2 | Found a staircase to the Crypt.
 43475 | Crypt:1  | Entered Level 1 of the Crypt
 43516 | Crypt:1  | Noticed Jory
 43533 | Crypt:1  | Killed Jory
 43630 | Crypt:1  | Noticed a greater mummy
 43633 | Crypt:1  | Noticed Khufu
 43642 | Crypt:1  | Noticed a greater mummy
 44032 | Crypt:1  | Killed a greater mummy
 44032 | Crypt:1  | Received a gift from Trog
 44997 | Vaults:2 | Received a gift from Trog
 45338 | Vaults:3 | Reached skill level 10 in Evocations
 45553 | Vaults:3 | Received a gift from Trog
 46317 | Vaults:3 | Reached XP level 21. HP: 181/181 MP: 28/28
 46381 | Vaults:3 | Received a gift from Trog
 46722 | Vaults:3 | Received a gift from Trog
 46932 | Vaults:3 | Found Xuacs's Gadget Shoppe.
 48278 | Orc:2    | Bought a scarf of spirit shield for 90 gold pieces
 48278 | Orc:2    | Bought a +4 amulet of reflection for 270 gold pieces
 48769 | Elf:1    | Received a gift from Trog
 48902 | Elf:1    | Identified the Reference Book on Dark Rituals
 49033 | Elf:1    | Received a gift from Trog
 50200 | Elf:2    | Found a runed gate.
 50200 | Elf:2    | Found a runed gate.
 50200 | Elf:2    | Found a runed gate.
 50742 | Elf:2    | Received a gift from Trog
 51034 | Elf:3    | Entered Level 3 of the Elven Halls
 51353 | Elf:3    | Received a gift from Trog
 51690 | Elf:3    | Received a gift from Trog
 51998 | Elf:3    | Reached XP level 22. HP: 177/193 MP: 13/30
 52030 | Elf:3    | Received a gift from Trog
 52241 | Elf:3    | Reached skill level 21 in Armour
 52874 | Elf:3    | Identified the ring "Ycibbeu" {Fire *Contam +Blink rElec
                  | MP+9} (You took it off a deep elf annihilator on level 3 of
                  | the Elven Halls)
 53140 | Elf:3    | Identified the Disquisition on Supportive Hexes
 53157 | Elf:3    | Identified the Almanac of Entrancing Battle Magic
 53170 | Elf:3    | Identified Asmodeus's Disquisition on Heat
 53173 | Elf:3    | Identified the Papyrus of Poison and Heat
 53225 | Elf:3    | Identified the +5 ring mail of Mipotoqis {Dex+3} (You found
                  | it on level 3 of the Elven Halls)
 53394 | Elf:3    | Identified the ring of Kiul {rElec Int+2 Dex+3 SInv Stlth+}
                  | (You took it off a deep elf demonologist on level 3 of the
                  | Elven Halls)
 53931 | Depths:1 | Found Min Odghioku's Food Shoppe.
 54002 | Depths:1 | Received a gift from Trog
 54238 | Depths:1 | Found a gateway to Hell.
 54294 | Depths:1 | Received a gift from Trog
 54616 | Depths:1 | Found a one-way gate leading to the halls of Pandemonium.
 54964 | Depths:1 | Found a large runed door.
 54965 | Depths:1 | Found a large runed door.
 55165 | Depths:1 | Received a gift from Trog
 55965 | Depths:2 | Noticed a juggernaut
 55966 | Depths:2 | Noticed a caustic shrike
 55989 | Depths:1 | Killed a juggernaut
 56527 | Depths:2 | Noticed a caustic shrike
 56537 | Depths:2 | Killed a caustic shrike
 56556 | Depths:2 | Noticed a golden dragon
 56566 | Depths:2 | Killed a golden dragon
 56856 | Depths:2 | Killed a caustic shrike
 57881 | Depths:3 | Reached XP level 23. HP: 202/202 MP: 13/31
 57958 | Depths:3 | Found Derchep's One-of-a-Kind Books.
 58200 | Depths:3 | Found a one-way gate to the infinite horrors of the Abyss.
 58338 | Depths:3 | Received a gift from Trog
 58648 | Depths:3 | Noticed a juggernaut
 58669 | Depths:3 | Killed a juggernaut
 58692 | Depths:2 | Reached skill level 22 in Armour
 59045 | Depths:3 | Received a gift from Trog
 59374 | Depths:3 | Got a flickering glass ring
 59375 | Depths:3 | Identified the ring of False Pretenses {Fire Str+7} (You
                  | found it on level 3 of the Depths)
 59421 | Depths:3 | Noticed a caustic shrike
 59430 | Depths:3 | Killed a caustic shrike
 59698 | Depths:3 | Found the +11 plutonium sword {*Contam Stlth-}
 59744 | Depths:3 | Noticed a caustic shrike
 59749 | Depths:3 | Killed a caustic shrike
 60791 | Depths:4 | Received a gift from Trog
 61835 | Depths:5 | Entered Level 5 of the Depths
 61856 | Depths:5 | Noticed a juggernaut
 61867 | Depths:4 | Killed a juggernaut
 62040 | Depths:5 | Reached XP level 24. HP: 179/215 MP: 25/31
 62188 | Depths:5 | Reached skill level 23 in Armour
 62289 | Depths:5 | Received a gift from Trog
 63020 | Depths:5 | Found a gateway to a ziggurat.
 63601 | Depths:5 | Found a gate to the Realm of Zot.
 64507 | Crypt:1  | Killed a greater mummy
 64515 | Crypt:1  | Killed Khufu
 64896 | Crypt:1  | Noticed Sojobo
 64909 | Crypt:1  | Killed Sojobo
 64934 | Crypt:1  | Received a gift from Trog
 65723 | Crypt:2  | Reached skill level 24 in Armour
 65737 | Crypt:2  | Noticed Donald
 65748 | Crypt:2  | Killed Donald
 65824 | Crypt:2  | Received a gift from Trog
 66537 | Crypt:3  | Entered Level 3 of the Crypt
 66597 | Crypt:3  | Found an ancient bone altar of Kikubaaqudgha.
 66597 | Crypt:3  | Noticed an ancient lich
 66606 | Crypt:3  | Killed an ancient lich
 66606 | Crypt:3  | Received a gift from Trog
 66610 | Crypt:3  | Got a jewelled hunting sling {god gift}
 66785 | Crypt:3  | Reached XP level 25. HP: 227/227 MP: 31/31
 67379 | Crypt:3  | Received a gift from Trog
 67552 | Crypt:3  | Found a staircase to the Tomb.
 67582 | Tomb:1   | Entered Level 1 of the Tomb of the Ancients
 67861 | Tomb:1   | Received a gift from Trog
 68018 | Tomb:1   | Reached skill level 25 in Armour
 68838 | Vaults:4 | Received a gift from Trog
 69540 | Vaults:4 | Found Deicon's Armour Shop.
 69883 | Vaults:5 | Entered Level 5 of the Vaults
 70027 | Vaults:4 | Received a gift from Trog
 70460 | Vaults:5 | Received a gift from Trog
 70460 | Vaults:5 | Reached skill level 15 in Slings
 71032 | Vaults:5 | Reached XP level 26. HP: 179/234 MP: 28/31
 71469 | Vaults:5 | Reached skill level 15 in Dodging
 71480 | Vaults:5 | Reached skill level 26 in Armour
 71895 | Vaults:5 | Identified the +2 pair of gloves of Bedgh {Int+4} (You
                  | found it on level 5 of the Vaults)
 71920 | Vaults:5 | Got a silver rune of Zot
 72255 | Vaults:5 | Received a gift from Trog
 72474 | Vaults:5 | Received a gift from Trog
 72477 | Vaults:5 | Identified the +11 great sword of Inference {vamp, Dex+6}
                  | (Trog gifted it to you on level 5 of the Vaults)
 72509 | Vaults:5 | Identified the ring "Veumydir" {Ice rElec Dex+2} (You took
                  | it off a deep elf mage on level 5 of the Vaults)
 73062 | Vaults:5 | Noticed Margery
 73075 | Vaults:5 | Killed Margery
 73080 | Vaults:5 | Cast into level 2 of the Abyss (hell knight)
 73137 | Abyss:2  | Got a pair of distressingly furry gloves
 73153 | Abyss:2  | Identified the cursed +0 pair of gloves "Ovihootz" {Int+3
                  | Dex+4} (You found it on level 2 of the Abyss)
 73183 | Abyss:2  | Paralysed by accursed screaming for 1 turns
 73597 | Abyss:2  | Found a stormy altar of Qazlal.
 73836 | Vaults:5 | Escaped the Abyss
 73839 | Vaults:5 | Received a gift from Trog
 73871 | Vaults:5 | Identified Vufodot's Disquisition on Feathers and Talismans
 74442 | Zot:1    | Entered Level 1 of the Realm of Zot
 74855 | Zot:1    | Identified the +4 plate armour "Uty Per" {*Slow rPois Str+2
                  | Dex+6} (You found it on level 1 of the Realm of Zot)
 75435 | Zot:2    | Reached skill level 27 in Armour
 75452 | Zot:2    | Reached XP level 27. HP: 242/242 MP: 28/31
 76052 | Zot:2    | Received a gift from Trog
 76489 | Zot:2    | Received a gift from Trog
 76931 | Zot:3    | Received a gift from Trog
 77168 | Zot:3    | Noticed an orb of fire
 77178 | Zot:3    | Killed an orb of fire
 77348 | Zot:3    | Received a gift from Trog
 78431 | Zot:4    | Identified the +1 hunting sling of Hohec {venom, Str+2}
                  | (Trog gifted it to you on level 3 of the Crypt)
 79167 | Zot:4    | Received a gift from Trog
 79316 | Zot:4    | Found the +7 great mace "Undeadhunter" {disrupt, rN+}
 79514 | Zot:5    | Entered Level 5 of the Realm of Zot
 79940 | Zot:5    | Noticed an ancient lich
 79945 | Zot:5    | Killed an ancient lich
 80023 | Zot:5    | Received a gift from Trog
 80053 | Zot:5    | Noticed an orb of fire
 80053 | Zot:5    | Gained mutation: You are very frail. (-20% HP) [an orb of
                  | fire]
 80064 | Zot:5    | Gained mutation: You are clumsy. (Dex -2) [an orb of fire]
 80067 | Zot:5    | Killed an orb of fire
 80195 | Zot:5    | Noticed an ancient lich
 80202 | Zot:5    | Killed an ancient lich
 80214 | Zot:5    | Noticed an orb of fire
 80228 | Zot:5    | Killed an orb of fire
 80303 | Zot:5    | Noticed an orb of fire
 80306 | Zot:5    | Gained mutation: You are extremely frail. (-30% HP) [an orb
                  | of fire]
 80312 | Zot:5    | Killed an orb of fire
 80663 | Zot:5    | Noticed an ancient lich
 80670 | Zot:5    | Killed an ancient lich
 80863 | Zot:5    | Got the Orb of Zot
 80868 | Zot:5    | Noticed an orb of fire
 80881 | Zot:5    | Gained mutation: Potions are less effective at restoring
                  | your health. [an orb of fire]
 80891 | Zot:5    | Killed an orb of fire
 80897 | Zot:5    | Noticed Juwnoo the pandemonium lord
 80914 | Zot:5    | Cast into level 5 of the Abyss (Juwnoo)
 80914 | Abyss:5  | Entered Level 5 of the Abyss
 81105 | Zot:5    | Escaped the Abyss
 81127 | Zot:5    | Noticed Coppemp the pandemonium lord
 81133 | Zot:5    | Gained mutation: Your body sometimes deteriorates upon
                  | taking damage. [a cacodemon]
 81763 | D:$      | Escaped with the Orb!

Skill      XL: |  1  2  3  4  5  6  7  8  9 10 11 12 13 14 15 16 17 18 19 20 21 22 23 24 25 26 27 |
---------------+----------------------------------------------------------------------------------+-----
Long Blades    | 4 5 6 8 9 10 12 13 14 16 18 19 20 21 22 23 24 | 24.5
Armour         | 3 5 9 11 12 14 15 16 18 19 20 21 22 24 25 27 | 27.0
Dodging        | 3 5 6 9 10 11 12 14 17 22 | 22.2
Fighting       | 6 9 10 12 13 14 17 19 21 22 24 25 26 | 26.0
Slings         | 4 7 8 9 10 11 12 13 15 17 22 | 22.0
Evocations     | 4 6 7 10 12 | 12.9
Stealth        | 4 7 8 |  8.7

Action                   |  1- 3 |  4- 6 |  7- 9 | 10-12 | 13-15 | 16-18 | 19-21 | 22-24 | 25-27 || total
-------------------------+-------+-------+-------+-------+-------+-------+-------+-------+-------++-------
Melee: Falchion          |    94 |   121 |    74 |       |       |       |       |       |       ||   289
       Headbutt          |    19 |    21 |    87 |   202 |   292 |   423 |   307 |   427 |   746 ||  2524
       Long sword        |       |       |   273 |    56 |       |       |       |       |       ||   329
       Scimitar          |       |       |       |   254 |       |       |       |       |       ||   254
       Great sword       |       |       |       |   279 |   178 |   454 |   554 |    73 |  1068 ||  2606
       Double sword      |       |       |       |       |   708 |   697 |       |       |       ||  1405
       Dagger            |       |       |       |       |       |    28 |       |       |       ||    28
       Triple sword      |       |       |       |       |       |       |   352 |  1014 |   675 ||  2041
 Fire: Hunting sling     |       |       |       |       |     6 |     8 |       |    17 |       ||    31
       Fustibalus        |       |       |       |       |     9 |       |       |       |       ||     9
Throw: Throwing net      |       |       |     1 |       |       |       |       |       |       ||     1
       Tomahawk          |       |       |       |     7 |       |       |       |       |       ||     7
Invok: Berserk           |       |     4 |     5 |     5 |     8 |     1 |     1 |     2 |     7 ||    33
       Brothers in Arms  |       |       |       |       |       |     2 |     6 |     3 |     6 ||    17
       Trog's Hand       |       |       |       |       |       |     1 |     3 |     2 |    13 ||    19
Evoke: Wand              |       |       |       |     2 |     1 |     1 |     3 |     1 |    17 ||    25
  Use: Scroll            |       |       |     4 |    11 |    18 |    16 |    10 |    18 |    17 ||    94
       Potion            |       |       |     3 |     2 |     6 |     5 |     6 |     1 |    17 ||    40
 Stab: Invisible         |       |       |       |       |     1 |       |       |       |       ||     1
       Held in net/web   |       |       |       |       |       |     1 |       |       |       ||     1
       Distracted        |       |       |       |       |       |       |       |       |     1 ||     1
  Eat: Chunk             |     2 |     7 |    19 |    26 |    32 |    24 |    27 |    28 |    28 ||   193
       Ration            |       |       |     1 |     2 |     3 |     8 |     3 |     7 |    14 ||    38
Armor: Scale mail        |    32 |    28 |    92 |       |       |       |       |       |       ||   152
       Animal skin       |     1 |       |       |       |       |       |       |       |       ||     1
       Plate armour      |       |       |    29 |   150 |   351 |   733 |   365 |   288 |       ||  1916
       Chain mail        |       |       |       |   168 |    98 |       |       |       |       ||   266
       Gold dragon scale |       |       |       |       |       |       |       |   349 |   935 ||  1284
Dodge: Dodged            |    57 |    50 |   164 |   382 |   580 |   989 |   475 |   534 |  1101 ||  4332
Block: Other             |       |       |       |       |       |       |    33 |   132 |   227 ||   392
       Reflection        |       |       |       |       |       |       |     7 |    10 |     5 ||    22
       Rpst.: Falchion   |    18 |    14 |     7 |       |       |       |       |       |       ||    39
       Long sword        |       |       |    26 |     6 |       |       |       |       |       ||    32
       Scimitar          |       |       |       |    31 |       |       |       |       |       ||    31
       Great sword       |       |       |       |    50 |    36 |    60 |    70 |     7 |   127 ||   350
       Double sword      |       |       |       |       |    81 |   120 |       |       |       ||   201
       Triple sword      |       |       |       |       |       |       |    42 |    88 |    83 ||   213
